 Dungeon Crawl Stone Soup version 0.27-a0-1321-gd358eaa (webtiles) character file.

Game seed: 8448350711936541952

595 HDogLeCool the Shield-Bearer (level 7, -2/54 HPs)
             Began as a Minotaur Fighter on June 21, 2021.
             Was a Priest of Hepliaklqana.
             Engulfed by a steam dragon's steam (4 damage)
             ... on level 7 of the Dungeon.
             The game lasted 00:10:40 (3298 turns).

HDogLeCool the Shield-Bearer (Minotaur Fighter)     Turns: 3298, Time: 00:10:41

Health: -2/54      AC: 13    Str: 21    XL:     7   Next: 16%
Magic:  6/6        EV:  4    Int:  5    God:    Hepliaklqana [***...]
Gold:   87         SH: 12    Dex: 11    Spells: 6/6 levels left

rFire    . . .     SeeInvis .   a - +0 long sword (vorpal)
rCold    . . .     Faith    .   o - +2 kite shield
rNeg     . . .     Spirit   .   u - +0 plate armour
rPois    .         Reflect  .   (helmet restricted)
rElec    .         Harm     .   r - +1 cloak
rCorr    .         Rampage  .   (no gloves)
Will     .....                  (no boots)
Stlth    ..........             (no amulet)
HPRegen  0.18/turn              (no ring)
MPRegen  0.10/turn              (no ring)

@: brilliant
A: reduced essence, horns 2, retaliatory headbutt
a: Renounce Religion, Recall Ancestor, Ancestor Identity, Transference


You were on level 7 of the Dungeon.
You worshipped Hepliaklqana.
Hepliaklqana was most pleased with you.
You visited 1 branch of the dungeon, and saw 6 of its levels.

You collected 87 gold pieces.

Inventory:

Hand Weapons
 a - a +0 vorpal long sword (weapon)
Armour
 b - a +0 scale mail
 c - a +0 kite shield
 o - a +2 kite shield (worn)
 p - a +0 cloak
 r - a +1 cloak (worn)
 u - a +0 plate armour (worn)
Jewellery
 f - a ring of magical power
 t - an amulet of the acrobat
Wands
 k - a wand of polymorph (7)
 n - a wand of flame (32)
Scrolls
 g - a scroll of brand weapon
 i - 2 scrolls of magic mapping {unknown}
 j - a scroll of enchant armour {unknown}
 l - a scroll of teleportation {unknown}
 q - a scroll of silence {unknown}
 v - a scroll of summoning {unknown}
 w - a scroll of identify
 x - a scroll of fear {unknown}
Potions
 d - 2 potions of might
 e - a potion of lignification
 h - a potion of resistance
 m - a potion of degeneration


   Skills:
 + Level 5.4 Fighting
 * Level 6.2 Long Blades
 - Level 4.0 Armour
 * Level 6.8 Shields


You had 6 spell levels left.
You didn't know any spells.
Your spell library contained the following spells:

 Spells                   Type           Power      Damage    Failure   Level
 Beastly Appendage        Tmut           0%         N/A       100%        1
 Corona                   Hex            0%         N/A       100%        1
 Magic Dart               Conj           0%         1d3       100%        1
 Searing Ray              Conj           0%         3d3       100%        2
 Slow                     Hex            0%         N/A       100%        2
 Wereblood                Tmut           0%         N/A       100%        2
 Dazzling Flash           Conj/Hex       0%         N/A       100%        3
 Inner Flame              Hex/Fire       0%         N/A       100%        3
 Portal Projectile        Hex/Tloc       0%         N/A       100%        3
 Spider Form              Tmut/Pois      0%         N/A       100%        3
 Cause Fear               Hex            0%         N/A       100%        4
 Fulminant Prism          Conj/Hex       0%         3d6       100%        4
 Ice Form                 Ice/Tmut       0%         N/A       100%        4
 Iskenderun's Mystic Bla  Conj/Tloc      0%         2d3       100%        4
 Leda's Liquefaction      Hex/Erth       0%         N/A       100%        4


Dungeon Overview and Level Annotations

Branches:
Dungeon (5/15)
 Temple: D:4-7

Altars:
Hepliaklqana

Shops:
D:3 ?

Annotations:
D:3 1 runed translucent door, Notta's ghost, amateur OpVM
D:4 2 transporters, RazingBull's ghost, amateur MiFi
D:7 Joseph


Innate Abilities, Weirdness & Mutations

Your life essence is reduced to manifest your ancestor. (-10% HP)
You have a pair of horns on your head.
You reflexively headbutt those who attack you in melee.


Message History

Joseph wields a +1 hunting sling of freezing.
It is covered in frost.
Joseph shoots a sling bullet.
The sling bullet hits Sunngifu!
The orc hits Sunngifu but does no damage.
Sunngifu hits the orc with a +0 quarterstaff!!
The orc dies!
Found 29 arrows.
A steam dragon comes into view.
The orc warrior hits you from afar with a +0 trident.
Sunngifu casts a spell at the orc warrior.
The stone arrow hits the orc warrior.
Joseph shoots a sling bullet.
You block the sling bullet.
Sunngifu points at the orc warrior and mumbles some strange words.
The puff of frost hits the orc warrior.
Joseph shoots a sling bullet.
The sling bullet hits you but does no damage.
The steam dragon breathes steam at you. The ball of steam hits you!
You hear a shout!
The shadow imp shouts, "Run away, thou vain boil-brained strumpet!"
Joseph shoots a sling bullet.
You block the sling bullet.
You see here 29 arrows.
Sunngifu gestures at the orc warrior while chanting.
The stone arrow hits the orc warrior.
The orc warrior is engulfed in a cloud of scalding steam.
The shadow imp is engulfed in a cloud of scalding steam.
Found 5 gold pieces.
Sunngifu hits the orc warrior with a +0 quarterstaff!
The orc warrior dies!
The steam dragon breathes steam at you. The ball of steam hits you!
* * * LOW HITPOINT WARNING * * *
Your Long Blades skill increases to level 6!
You have reached level 7!
Sunngifu remembers more of her old skill.
Found 19 arrows.
It was a potion of brilliance.
You feel clever all of a sudden.
You are engulfed in a cloud of scalding steam.
You are engulfed in a cloud of scalding steam.
You die...

#.. ...##
.#.........##
##.............#
#..............##
........... #..#
........D.# ##.§#####
........§§###.§§@...#
..........5(D§§##...#
............####
.(..$# ........R)...#
...### ...........§§#
..## ..(..........#
.## .......@........
.#
..................#
.................


There were no monsters in sight!

Vanquished Creatures
  Jessica (D:2)
  Natasha (twice) (D:3)
  An adder (D:2)
  An ufetubus (D:3)
  An adder skeleton (D:4)
  4 dart slugs
  7 ball pythons
  9 bats
  4 endoplasms
  3 giant cockroaches
  3 goblins
  8 hobgoblins
  13 jackals
  4 kobolds
  3 quokkas
  2 frilled lizards
  A rat (D:1)
67 creatures vanquished.

Vanquished Creatures (collateral kills)
  An orc warrior (D:7)
  A sky beast (D:5)
  A scorpion (D:3)
  A hound (D:7)
  An orc priest (D:7)
  Terence (D:2)
  Natasha (D:3)
  An orc wizard (D:7)
  An adder (D:4)
  A white imp (D:3)
  A worm (D:2)
  3 orcs
  An endoplasm (D:3)
  2 goblins
  2 jackals (D:3)
  6 kobolds
  A quokka (D:2)
  2 ball pythons
  3 bats
  3 frilled lizards
  4 rats
38 creatures vanquished.

Vanquished Creatures (others)
  A battlemage (D:3)
  11 plants (D:3)
  2 withered plants (D:3)
14 creatures vanquished.

Grand Total: 119 creatures vanquished

Notes
Turn   | Place    | Note
-------+----------+-------------------------------------------
     0 | D:1      | HDogLeCool the Minotaur Fighter began the quest for the
                  | Orb.
     0 | D:1      | Reached XP level 1. HP: 19/19 MP: 0/0
     9 | D:1      | Found a faded altar of an unknown god.
    24 | D:1      | Became a worshipper of Hepliaklqana the Forgotten
    24 | D:1      | Reached * piety under Hepliaklqana
   229 | D:1      | Reached XP level 2. HP: 24/24 MP: 1/1
   632 | D:1      | Reached XP level 3. HP: 29/29 MP: 2/2
   926 | D:2      | Noticed Jessica
   927 | D:2      | Killed Jessica
   928 | D:2      | Reached XP level 4. HP: 34/36 MP: 3/3
  1369 | D:2      | Reached ** piety under Hepliaklqana
  1370 | D:2      | Remembered your ancestor Sunngifu as a battlemage
  1380 | D:2      | Noticed Terence
  1386 | D:2      | Killed Terence
  1387 | D:2      | Reached skill level 5 in Shields
  1599 | D:3      | Reached XP level 5. HP: 18/42 MP: 4/4
  1841 | D:3      | Noticed Natasha
  1849 | D:3      | Killed Natasha
  1851 | D:3      | Noticed Natasha
  1867 | D:3      | Killed Natasha
  1987 | D:3      | Found Deuzuth's Magic Scroll Shop.
  2183 | D:3      | Reached skill level 5 in Long Blades
  2183 | D:3      | Reached XP level 6. HP: 49/49 MP: 5/5
  2199 | D:3      | Noticed Natasha
  2205 | D:3      | Killed Natasha
  2466 | D:3      | Found a runed translucent door.
  2466 | D:3      | Noticed Notta's ghost (amateur OpVM)
  2816 | D:4      | Found a transporter.
  2829 | D:4      | Found a transporter.
  3060 | D:4      | Noticed RazingBull's ghost (amateur MiFi)
  3164 | D:5      | Entered Level 5 of the Dungeon
  3168 | D:5      | Noticed a sky beast
  3175 | D:5      | Killed a sky beast
  3176 | D:5      | Reached skill level 5 in Fighting
  3263 | D:5      | You fall into a shaft and drop 2 floors!
  3263 | D:7      | Noticed an orc warrior
  3267 | D:7      | Noticed Joseph
  3277 | D:7      | Reached *** piety under Hepliaklqana
  3287 | D:7      | Noticed a steam dragon
  3296 | D:7      | Killed an orc warrior
  3296 | D:7      | HP: 2/50 [something/ball of steam (15)]
  3297 | D:7      | Reached XP level 7. HP: 2/54 MP: 6/6
  3298 | D:7      | Engulfed by a steam dragon's steam

Illustrated notes

Levels and vault maps discovered:
D:1:      lightli_arrival_noodles, layout_basic, basic_ecumenical_altar,
          minmay_misc_feat_ornament, minmay_strange_pillars, moated_statue
D:2:      layout_rooms, hangedman_decor_lopped, roderic_roman_lattice,
          uniq_jessica, uniq_terence
D:3:      minmay_angry_zag, layout_basic, serial_shops, shop,
          gammafunk_ghost_grave, lexackson_kobold_supper, uniq_natasha
D:4:      layout_cave_pools, gammafunk_ghost_stat_death
D:5:      layout_basic, kennysheep_generic_room_2
D:7:      layout_cave_pools, uniq_menkaure, uniq_joseph

Skill      XL: |  1  2  3  4  5  6 |
---------------+-------------------+-----
Shields        | 4 5 6 |  6.8
Long Blades    | 3 4 5 6 |  6.2
Fighting       | 4 5 |  5.4
Armour         | 4 |  4.0

Action                   |  1- 3 |  4- 6 |  7- 9 || total
-------------------------+-------+-------+-------++-------
Melee: Long sword        |    61 |    97 |       ||   158
       Headbutt          |     5 |    16 |       ||    21
Invok: Ancestor Identity |     1 |       |       ||     1
       Ancestor Life: Ba |       |     1 |       ||     1
       Recall Ancestor   |       |     1 |       ||     1
  Use: Scroll            |       |     3 |       ||     3
       Potion            |       |       |     1 ||     1
 Stab: Distracted        |       |     1 |       ||     1
Armor: Scale mail        |    31 |    35 |       ||    66
       Plate armour      |       |     8 |     1 ||     9
Dodge: Dodged            |    20 |    26 |       ||    46
Block: Kite shield       |    35 |    76 |       ||   111
       Rpst.: Long sword |     7 |     6 |       ||    13

Table legend: (Time is in decaauts)
 A = Elapsed time spent in this place.
 B = Non-inter-level travel time spent in this place.
 C = Inter-level travel time spent in this place.
 D = Time resting spent in this place.
 E = Time spent auto-exploring this place.
 F = Levels seen in this place.
 G = Mean time per level.
                   A        B        C        D        E       F      G
               +--------+--------+--------+--------+--------+-----+--------+
         Total |   3369 |   3200 |    169 |    556 |   1996 |   6 |  561.5 |
       Dungeon |   3369 |   3200 |    169 |    556 |   1996 |   6 |  561.5 |
               +--------+--------+--------+--------+--------+-----+--------+

Top non-repeatable levels by time:
     D:3: 1157 daAuts
     D:1: 867 daAuts
     D:2: 714 daAuts
     D:4: 496 daAuts
     D:5: 100 daAuts
     D:7: 34 daAuts
